 Dungeon Crawl Stone Soup version 0.30-b1-2-g02819fbbbe (webtiles) character file.

Game seed: 5010795924054696619

28 Alarkh the Insei (level 3, 0/27 HPs)
             Began as a Demonspawn Warper on May 26, 2023.
             Slain by Terence
             ... wielding a +0 flail
              (3 damage)
             ... on level 2 of the Dungeon.
             The game lasted 00:01:50 (1452 turns).

Alarkh the Insei (Demonspawn Warper)                Turns: 1452, Time: 00:01:50

Health: 0/27       AC:  3    Str: 11    XL:     3   Next: 0%
Magic:  6/6        EV: 12    Int: 16    God:
Gold:   77         SH:  0    Dex: 12    Spells: 6/6 levels left

rFire   + .          .
                       - Unarmed
rCold   . . .        (no shield)
rNeg    . . .        e - +1 robe {rF+}
rPois   .            (no helmet)
rElec   .            (no cloak)
rCorr   .            (no gloves)
SInv    .            (no boots)
Will    .....        (no amulet)
Stlth   +            f - ring of flight
HPRegen 0.24/turn    (no ring)
MPRegen 0.10/turn

%: no passive effects
@: flying
A: hooves 1, powered by death 1
a: no special abilities


You were on level 2 of the Dungeon.
You visited 1 branch of the dungeon, and saw 2 of its levels.

You collected 77 gold pieces.

Inventory:

Missiles
 c - 4 boomerangs of dispersal (quivered)
Armour
 a - a +0 leather armour
 e - a +1 robe of fire resistance (worn)
Jewellery
 f - a ring of flight (left hand)
Scrolls
 b - a scroll of blinking
 g - a scroll of fear
Potions
 h - a potion of brilliance


   Skills:
 - Level 2.0 Fighting
 - Level 0.8 Throwing
 - Level 0.8 Armour
 - Level 1.7 Dodging
 + Level 3.2 Unarmed Combat
 - Level 2.0 Spellcasting
 - Level 2.6 Translocations


You had 6 spell levels left.
You didn't know any spells.
Your spell library contained the following spells:

 Spells                   Type           Power      Damage    Failure   Level
 Blink                    Tloc           20%        N/A       11%         2
 Lesser Beckoning         Tloc           20%        N/A       11%         2
 Teleport Other           Tloc           10%        N/A       21%         3
 Vhi's Electric Charge    Tloc/Air       10%        N/A       34%         3
 Manifold Assault         Tloc           10%        N/A       56%         4


Dungeon Overview and Level Annotations

Branches:
Dungeon (2/15)

Altars:

Annotations:
D:2 Terence


Innate Abilities, Weirdness & Mutations

You have large cloven feet.
You regenerate a little health from kills.


Message History

Your experience leads to an increase in your attributes!
Increase (S)trength, (I)ntelligence, or (D)exterity?
You feel clever. x2; Your demonic ancestry asserts itself...
Your feet thicken and deform.
Things that are here:
a +0 dagger; 2 stones; a +0 ring mail HP restored.
Found a stone staircase leading down.
Terence is nearby!
Terence is nearby!
A hobgoblin comes into view. It is quivering curare-tipped darts.
Okay, then.
You hit Terence but do no damage. Terence hits you with a +0 flail!
You barely miss Terence. You kick Terence, but do no damage.
Terence hits you with a +0 flail!
You completely miss Terence. You punch Terence.
Terence is lightly wounded.
Terence misses you.
You hit Terence but do no damage. Your kick misses Terence.
Terence is lightly wounded.
Terence says, "How do you enjoy it?" Terence closely misses you.
You barely miss Terence. You kick Terence, but do no damage.
Terence is lightly wounded.
Terence barely misses you.
You hit Terence.
Terence is lightly wounded.
Terence asks, "Do you want it fast or slow?"
Terence hits you with a +0 flail!
* * * LOW HITPOINT WARNING * * *
You hit Terence but do no damage.
Terence is lightly wounded.
Terence closely misses you.
Throw: 5 boomerangs (disperse)
Press: ? - help, Q - select action Shift-Dir - straight line, f - Terence
Aim: Terence, wielding a +0 flail and wearing a +3 ring mail of positive energy (lightly wounded, 61% to hit)
You throw a boomerang of dispersal.
The boomerang of dispersal barely misses Terence.
Terence hits you with a +0 flail.
You die...

#.# #.#
#######.## #
.........# #
#######..# #
#########..#
...........####
######.......#
#@#####.# #@# #
........#
#.g...#.#
..###.#.# # #..
##. . ..


You could see Terence.

Vanquished Creatures
  2 dart slugs (D:1)
  2 ball pythons
  An endoplasm (D:1)
  A goblin (D:1)
  5 hobgoblins (D:1)
  2 quokkas (D:1)
  4 bats
  2 frilled lizards (D:1)
  A kobold (D:2)
  4 rats (D:1)
24 creatures vanquished.

Notes
Turn   | Place    | Note
-------+----------+-------------------------------------------
     0 | D:1      | Alarkh the Demonspawn Warper began the quest for the Orb.
     0 | D:1      | Reached XP level 1. HP: 16/16 MP: 3/3
    24 | D:1      | Reached skill level 2 in Unarmed Combat
   149 | D:1      | Gained mutation: You regenerate a little health from kills.
                  | [demonic ancestry]
   149 | D:1      | Reached XP level 2. HP: 18/22 MP: 5/5
   626 | D:1      | Reached skill level 3 in Unarmed Combat
  1098 | D:2      | Noticed Terence
  1384 | D:2      | Gained mutation: You have large cloven feet. [demonic
                  | ancestry]
  1384 | D:2      | Reached XP level 3. HP: 21/27 MP: 6/6
  1452 | D:2      | Slain by Terence

Illustrated notes

Levels and vault maps discovered:
D:1:      lightli_molten_gateway, layout_basic
D:2:      layout_loops_ring, uniq_terence, uniq_sigmund

Skill      XL: |  1  2 |
---------------+-------+-----
Unarmed Combat | 2 3 |  3.2
Fighting       | |  2.0
Throwing       | |  0.8
Armour         | |  0.8
Dodging        | |  1.7
Spellcasting   | |  2.0
Translocations | |  2.6

Action                     || total
---------------------------++-------
  Melee: Unarmed           ||   120
         Punch             ||     3
         Kick              ||     2
  Throw: Boomerang         ||     3
    Use: Scroll            ||     2
   Stab: Sleeping          ||     1
 Armour: Leather armour    ||     4
         Robe              ||    21
  Dodge: Dodged            ||    78
